 Dungeon Crawl Stone Soup version 0.28.0-53-g5a82cb258f (webtiles) character file.

Game seed: 12054096722796967812

20363 Ashen the Blocker (level 13, -8/106 HPs)
             Began as a Formicid Fighter on June 11, 2022.
             Was an Elder of the Shining One (penitent).
             Mangled by a komodo dragon (10 damage)
             ... on level 1 of the Lair of Beasts on June 12, 2022.
             The game lasted 00:24:18 (11038 turns).

Ashen the Blocker (Formicid Fighter)               Turns: 11038, Time: 00:24:19

Health: -8/106     AC:  9    Str: 22    XL:     13   Next: 11%
Magic:  13/13      EV: 13    Int:  8    God:    the Shining One [****..]
Gold:   1179       SH:  7    Dex: 14    Spells: 12/12 levels left

rFire   . . .      SeeInvis +   f - +7 Singing Sword {vorpal, sonic wave}
rCold   . . .      Faith    .   c - +0 buckler
rNeg    + + .      Spirit   .   d - +0 troll leather armour
rPois   .          Reflect  .   (helmet unavailable)
rElec   .          Harm     .   w - scarf {repulsion}
rCorr   .          Rampage  .   (no gloves)
Will    +....                   u - +2 pair of boots
Stlth   +++.......              n - amulet of regeneration
HPRegen 1.87/turn               (no ring)
MPRegen 0.13/turn               (no ring)

@: lethally poisoned (-8 -> -9), repel missiles
A: permanent stasis, dig shafts and tunnels, antennae 3, four strong arms
a: Dig, Shaft Self, Renounce Religion


You were on level 1 of the Lair of Beasts.
You worshipped the Shining One.
The Shining One was demanding penance.
You visited 4 branches of the dungeon, and saw 16 of its levels.

You collected 1323 gold pieces.
You spent 144 gold pieces at shops.

Inventory:

Hand Weapons
 a - a +0 long sword
 f - the +7 Singing Sword (weapon) {vorpal, sonic wave}
   (You acquired it on level 3 of the Dungeon)

   It inflicts extra damage upon your enemies.
   It radiates damaging sonic waves as it strikes, especially in combat
   involving dangerous or numerous foes.
 r - a +0 great sword
Missiles
 j - 5 throwing nets
Armour
 b - a +0 scale mail
 c - a +0 buckler (worn)
 d - a +0 troll leather armour (worn)
 t - a +1 cloak
 u - a +2 pair of boots (worn)
 w - a scarf of repulsion (worn)
Jewellery
 n - an amulet of regeneration (around neck)
 C - a ring of flight
Wands
 l - a wand of digging (3)
 x - a wand of polymorph (9)
 y - a wand of iceblast (24)
 F - a wand of acid (8)
 H - a wand of paralysis (6)
Scrolls
 i - a scroll of amnesia
 k - 4 scrolls of blinking
 m - 3 scrolls of enchant armour
 s - 2 scrolls of noise {unknown}
 z - a scroll of silence
 B - a scroll of torment
 E - a scroll of fog {unknown}
 G - a scroll of magic mapping
 I - a scroll of immolation {unknown}
 J - a scroll of holy word {unknown}
Potions
 e - 3 potions of invisibility
 g - 7 potions of curing
 h - 3 potions of resistance
 o - a potion of cancellation
 p - 3 potions of mutation
 v - a potion of haste
 A - a potion of magic
 D - 2 potions of attraction


   Skills:
 + Level 11.5 Fighting
 + Level 10.3 Long Blades
 + Level 11.4 Armour
 + Level 4.4 Dodging
 - Level 5.0 Stealth
 + Level 12.4 Shields


You had 12 spell levels left.
You didn't know any spells.
Your spell library contained the following spells:

 Spells                   Type           Power      Damage    Failure   Level
 Pain                     Necr           0%         1d4       50%         1
 Sandblast                Erth           0%         2d4       50%         1
 Slow                     Hex            0%         N/A       50%         1
 Passwall                 Tmut/Erth      0%         N/A       63%         2
 Scorch                   Fire           0%         2d5       63%         2
 Static Discharge         Conj/Air       0%         N/A       63%         2
 Sublimation of Blood     Necr           0%         N/A       63%         2
 Confusing Touch          Hex            0%         N/A       86%         3
 Dazzling Flash           Conj/Hex       0%         N/A       86%         3
 Stone Arrow              Conj/Erth      0%         3d7       86%         3
 Vampiric Draining        Necr           0%         2d6       86%         3
 Dispel Undead            Necr           0%         3d6       99%         4
 Flame Wave               Conj/Fire      0%         2d4       99%         4
 Petrify                  Tmut/Erth      0%         N/A       99%         4
 Sticky Flame             Conj/Fire      0%         2d3       99%         4
 Agony                    Necr           0%         N/A       100%        5
 Excruciating Wounds      Necr           0%         N/A       100%        5
 Irradiate                Conj/Tmut      0%         3d13      100%        5
 Silence                  Hex/Air        0%         N/A       100%        5
 Summon Cactus Giant      Summ           0%         N/A       100%        6


Dungeon Overview and Level Annotations

Branches:
Dungeon (12/15)            Temple (1/1) D:4            Lair (1/6) D:10
    Orc (2/2) D:10            Elf (0/3) Orc:2

Altars:
Ashenzari
Cheibriados
Dithmenos
Elyvilon
Fedhas
Gozag
Hepliaklqana
Kikubaaqudgha
Makhleb
Nemelex Xobeh
Okawaru
Qazlal
Ru
Sif Muna
Trog
Uskayaw
Vehumet
Wu Jian
Xom
Yredelemnul
Zin
The Shining One
Beogh

Shops:
D:3 (   D:8 [   Orc:1 [   Orc:2 [(*:

Portals:
Trove: D:10 (give 2 scrolls of acquirement)

Annotations:
D:5 1 runed translucent door, SHADDY's ghost, novice DsFi
Lair:1 Grum


Innate Abilities, Weirdness & Mutations

You cannot be hasted, slowed, berserked, paralysed or teleported.
You can dig through walls and to a lower floor.
You have a pair of large antennae on your head. (SInv)
Your four strong arms can wield two-handed weapons with a shield.


Message History

You feel very sick.
A komodo dragon comes into view.
The komodo dragon bites you! Grum closely misses you.
The wolf closely misses you.
The komodo dragon hisses angrily.
You hit the komodo dragon.
The komodo dragon is heavily wounded.
You feel very sick. You block the wolf's attack. The komodo dragon bites you!!
Grum barely misses you.
You completely miss the komodo dragon.
The komodo dragon is heavily wounded.
You feel very sick. The wolf barely misses you.
A cane toad comes into view.
The komodo dragon bites you!!
* * * LOW HITPOINT WARNING * * *
The wolf barely misses you.
Grum hits you from afar with a +0 spear!
* * * LOW HITPOINT WARNING * * *
You feel much better.
You feel very sick. The wolf closely misses you.
The komodo dragon bites you but does no damage.
Grum hits you from afar with a +0 spear!!
* * * LOW HITPOINT WARNING * * *
The wolf bites you.
* * * LOW HITPOINT WARNING * * *
Really read the scroll of torment?
This action would place you under penance!
Really read the scroll of torment?
As you read the scroll of torment, it crumbles to dust.
You feel a surge of unholy energy.
The komodo dragon convulses!
The wolf convulses!
The cane toad convulses!
Grum convulses!
The komodo dragon convulses!
You feel extremely guilty. "You will pay for your transgression, mortal!"
Your divine halo fades away.
You feel sick. The wolf bites you.
* * * LOW HITPOINT WARNING * * *
The komodo dragon bites you!
You die...

## ### #. ##..
. ##. ..# .#
.. P.# ..# #.
#.# ....
#.####.# '..#
#<.##.###g...#
##.##..@lF#
##.....h.#
##....##.#
#.##..# .# #.#
##.# # #.. #.#
#.# #.. #.
###. . ..


You could see a komodo dragon, Grum, a cane toad and a wolf.

Vanquished Creatures
  A boulder beetle (D:11)
  Harold (D:8)
  A two-headed ogre (D:9)
  A death yak (D:10)
  An orc high priest (Orc:2)
  Nergalle (D:12)
  2 orc knights (Orc:1)
  A deep elf pyromancer (D:12)
  A necromancer (D:11)
  5 orc sorcerers
  2 ugly things
  5 centaur zombies
  A cane toad (Lair:1)
  A komodo dragon (D:8)
  5 trolls
  A polar bear (D:10)
  A centaur simulacrum (D:10)
  A shadow (D:8)
  A wyvern (D:7)
  A wraith (D:10)
  14 yaks
  6 vampire mosquitoes
  A water moccasin (Lair:1)
  A warg (Orc:1)
  2 ice beasts (D:6)
  2 hornet zombies (D:7)
  18 orc warriors
  A sky beast (D:7)
  A black bear (D:6)
  4 ogres
  3 centaurs
  A necrophage (D:7)
  6 wolves
  2 phantoms
  2 kobold brigands
  2 gnoll sergeants
  2 bullfrogs
  A scorpion (D:6)
  3 killer bees (D:7)
  A water moccasin skeleton (D:5)
  3 wights (D:7)
  A howler monkey (D:8)
  2 electric eels
  A bullfrog zombie (D:6)
  12 orc priests
  7 hounds
  3 jellies
  A bullfrog skeleton (D:4)
  An iguana (D:6)
  22 orc wizards
  2 yak simulacra (D:11)
  3 polar bear simulacra (D:11)
  3 wolf simulacra (D:11)
  A howler monkey zombie (D:4)
  8 gnolls
  8 adders
  A white imp (D:6)
  A howler monkey simulacrum (D:10)
  An adder zombie (D:5)
  2 worms (D:2)
  2 dart slugs
  54 orcs
  3 bats
  5 endoplasms
  3 giant cockroaches
  7 goblins
  15 hobgoblins
  4 jackals (D:1)
  A quokka (D:3)
  6 ball pythons
  4 frilled lizards
  13 kobolds
  3 rats
  3 river rat simulacra (D:11)
313 creatures vanquished.

Notes
Turn   | Place    | Note
-------+----------+-------------------------------------------
     0 | D:1      | Ashen the Formicid Fighter began the quest for the Orb.
     0 | D:1      | Reached XP level 1. HP: 18/18 MP: 1/1
   101 | D:1      | Reached skill level 1 in Stealth
   101 | D:1      | Reached XP level 2. HP: 23/24 MP: 2/2
   344 | D:1      | Found a faded altar of an unknown god.
   463 | D:1      | Reached XP level 3. HP: 28/29 MP: 3/3
  1298 | D:2      | Reached skill level 4 in Shields
  1793 | D:3      | Reached XP level 4. HP: 36/36 MP: 4/4
  1828 | D:3      | Identified a scroll of acquirement
  1828 | D:3      | Acquired the +7 Singing Sword {vorpal, sonic wave}
  1828 | D:3      | Found the +7 Singing Sword {vorpal, sonic wave}
  1962 | D:3      | Found Wunte's Antique Weapon Emporium.
  2322 | D:4      | Reached XP level 5. HP: 35/42 MP: 5/5
  2383 | D:4      | Noticed a phantom
  2387 | D:4      | Killed a phantom
  2390 | D:4      | Reached XP level 6. HP: 42/48 MP: 6/6
  2647 | D:4      | Found a staircase to the Ecumenical Temple.
  2687 | Temple   | Entered the Ecumenical Temple
  2997 | D:5      | Entered Level 5 of the Dungeon
  3009 | D:5      | Found a runed translucent door.
  3010 | D:5      | Noticed SHADDY's ghost (novice DsFi)
  3058 | Temple   | Became a worshipper of the Shining One
  3140 | D:5      | Identified the +5 robe of Jihauruny {rN+}
  3199 | D:5      | Noticed a centaur warrior zombie
  3201 | D:5      | Reached XP level 7. HP: 55/55 MP: 7/7
  3206 | D:5      | Reached skill level 5 in Stealth
  3211 | D:5      | Reached skill level 5 in Fighting
  3211 | D:5      | Reached skill level 5 in Armour
  3211 | D:5      | Reached skill level 5 in Shields
  3211 | D:5      | Reached XP level 8. HP: 41/62 MP: 8/8
  4193 | D:6      | Reached skill level 6 in Shields
  4482 | D:6      | Reached skill level 5 in Long Blades
  4492 | D:6      | Reached XP level 9. HP: 69/69 MP: 9/9
  4500 | D:6      | Reached skill level 7 in Shields
  4817 | D:6      | Reached * piety under the Shining One
  5202 | D:7      | Found a sacrificial altar of Ru.
  5437 | D:7      | Reached skill level 8 in Shields
  5869 | D:8      | Noticed Harold
  5881 | D:8      | Killed Harold
  5882 | D:8      | Reached XP level 10. HP: 18/80 MP: 10/10
  6379 | D:8      | Noticed a komodo dragon
  6384 | D:8      | Killed a komodo dragon
  6385 | D:8      | Reached skill level 9 in Shields
  6890 | D:8      | Found Geydofes's Armour Shop.
  7517 | D:9      | Reached ** piety under the Shining One
  7521 | D:9      | Noticed a two-headed ogre
  7526 | D:9      | Found an opulent altar of Gozag.
  7536 | D:9      | Killed a two-headed ogre
  7591 | D:9      | Reached XP level 11. HP: 76/88 MP: 11/11
  7685 | D:9      | You fall into a shaft and drop 3 floors!
  7704 | D:12     | Noticed Nergalle
  7716 | D:12     | Killed Nergalle
  7717 | D:12     | Reached skill level 10 in Shields
  7908 | D:12     | Noticed a deep elf pyromancer
  7913 | D:12     | Killed a deep elf pyromancer
  7956 | D:12     | Noticed a six-headed hydra
  8007 | D:11     | Noticed a green ugly thing
  8009 | D:11     | Killed a green ugly thing
  8069 | D:11     | Noticed a boulder beetle
  8094 | D:11     | Killed a boulder beetle
  8095 | D:11     | Reached skill level 10 in Fighting
  8095 | D:11     | Reached skill level 10 in Armour
  8096 | D:11     | Reached skill level 11 in Shields
  8137 | D:11     | Reached skill level 1 in Dodging
  8338 | D:11     | Reached *** piety under the Shining One
  8408 | D:11     | Noticed a necromancer
  8413 | D:11     | Killed a necromancer
  8414 | D:11     | Reached XP level 12. HP: 58/98 MP: 12/12
  8540 | D:10     | Entered Level 10 of the Dungeon
  8646 | D:10     | Noticed a death yak
  8726 | D:10     | Reached **** piety under the Shining One
  8730 | D:10     | Found a staircase to the Orcish Mines.
  8868 | D:10     | Killed a death yak
  8995 | D:10     | Found a staircase to the Lair.
  9424 | D:10     | Found a portal to a secret trove of treasure.
  9763 | Orc:1    | Entered Level 1 of the Orcish Mines
  9830 | Orc:2    | Entered Level 2 of the Orcish Mines
  9889 | Orc:2    | Found a staircase to the Elven Halls.
  9974 | Orc:2    | Reached skill level 12 in Shields
  9996 | Orc:2    | Noticed an orc high priest
 10005 | Orc:2    | Killed an orc high priest
 10021 | Orc:2    | Reached skill level 10 in Long Blades
 10087 | Orc:2    | Found Wuul's Antique Armour Shop.
 10087 | Orc:2    | Found Esmuph's Assorted Antiques.
 10088 | Orc:2    | Found Ytecaqin's Book Boutique.
 10101 | Orc:2    | Found Nywn's Antique Weapon Shop.
 10109 | Orc:2    | Bought a scroll labelled DUPPIM PA GUP for 36 gold pieces
 10109 | Orc:2    | Bought a potion of curing for 108 gold pieces
 10467 | Orc:1    | Found Pepag's Armour Emporium.
 10696 | Orc:1    | Reached XP level 13. HP: 75/106 MP: 13/13
 11017 | Lair:1   | Entered Level 1 of the Lair of Beasts
 11023 | Lair:1   | Noticed Grum
 11037 | Lair:1   | HP: 4/106 [Grum/+0 spear (18)]
 11038 | Lair:1   | Was placed under penance by the Shining One
 11038 | Lair:1   | Mangled by a komodo dragon

Illustrated notes

Levels and vault maps discovered:
D:1:      heliophobic_arrival_glass_houses, layout_basic,
          shapermc_ecumenical_altar_venn
D:2:      layout_loops_ring
D:3:      layout_basic, serial_shops, shop_fountains, minivault_19
D:4:      layout_rooms, temple_pool_b
D:5:      layout_basic, gammafunk_ghost_grave
D:6:      black_bear_nest_2, layout_gridville
D:7:      layout_loops_ring, hangedman_ru_absence
D:8:      layout_basic, serial_shops, shop, uniq_harold
D:9:      layout_basic, nicolae_gozag_seed_capital
D:10:     layout_cave_pods, lair_entry_dummy, david_orc_5, serial_ice,
          serial_ice_h, serial_ice_i, serial_ice_b, serial_ice_o, enter_trove_1
D:11:     layout_cave_pools, chequers_serial_rivers_micro_b,
          eino_house_with_fridge
D:12:     layout_irregular_city, hangedman_decor_opposing, uniq_nergalle
Temple:   regret_index_temple_chain_breaker
Lair:1:   layout_loops_ring, grunt_megastairs_2, uniq_maggie, uniq_grum
Orc:1:    cheibrodos_orc_bank, layout_caves, serial_shops,
          nicolae_shop_behind_doors
Orc:2:    st_orc_mages, layout_caves

Skill      XL: |  1  2  3  4  5  6  7  8  9 10 11 12 |
---------------+-------------------------------------+-----
Stealth        | 1 2 3 4 5 |  5.0
Shields        | 4 5 6 8 9 11 12 | 12.4
Fighting       | 4 5 6 8 9 10 11 | 11.5
Armour         | 4 5 6 7 8 10 11 | 11.4
Long Blades    | 3 4 5 6 7 9 10 | 10.3
Dodging        | 1 4 |  4.4

Action                   |  1- 3 |  4- 6 |  7- 9 | 10-12 | 13-15 || total
-------------------------+-------+-------+-------+-------+-------++-------
Melee: Long sword        |    79 |    13 |       |       |       ||    92
       Double sword      |       |    45 |   103 |   268 |    33 ||   449
 Abil: Dig               |     1 |       |       |    11 |       ||    12
  Use: Scroll            |       |     9 |       |     9 |     1 ||    19
       Potion            |       |       |       |     2 |     1 ||     3
Armor: Scale mail        |    35 |    20 |    40 |    15 |       ||   110
       Troll leather arm |       |       |       |    54 |    12 ||    66
Dodge: Dodged            |    28 |    24 |    34 |   105 |    22 ||   213
       Repelled          |       |       |       |     1 |       ||     1
Block: Buckler           |    18 |    10 |    30 |    77 |    19 ||   154
